 Dungeon Crawl Stone Soup version 0.22.1-1-ga44c0e5 (webtiles) character file.

772 Stepladder the Poker (level 7, -2/56 HPs)
             Began as a Merfolk Gladiator on Sept 25, 2018.
             Was a Follower of Yredelemnul.
             Slain by Sigmund
             ... wielding a +0 scythe
              (15 damage)
             ... on level 5 of the Dungeon.
             The game lasted 00:16:26 (4481 turns).

Stepladder the Poker (Merfolk Gladiator)            Turns: 4481, Time: 00:16:27

Health: -2/56      AC:  8    Str: 15    XL:     7   Next: 83%
Magic:  7/7        EV: 16    Int:  8    God:    Yredelemnul [*.....]
Gold:   177        SH:  0    Dex: 16    Spells: 6/6 levels left

rFire    . . .     SeeInvis .   a - +0 trident
rCold    + . .     Gourm    .   (no shield)
rNeg     . . .     Faith    .   g - +1 leather armour of Supple Strength {rC+ MR+}
rPois    .         Spirit   .   c - +0 helmet
rElec    .         Reflect  .   (no cloak)
rCorr    .         Harm     .   v - +0 pair of gloves
MR       +....                  n - +1 pair of boots {Stlth+}
Stlth    +++.......             (no amulet)
HPRegen  0.18/turn              (no ring)
MPRegen  0.10/turn              (no ring)

@: no status effects
A: change form in water, swift swim, stealthy swim
a: Animate Remains, Renounce Religion


You were on level 5 of the Dungeon.
You worshipped Yredelemnul.
Yredelemnul was aware of your devotion.
You were hungry.

You visited 1 branch of the dungeon, and saw 5 of its levels.

You collected 177 gold pieces.

Inventory:

Hand Weapons
 a - a +0 trident (weapon)
Missiles
 d - 2 throwing nets
 k - 58 stones
 p - 8 javelins of penetration (quivered)
Armour
 c - a +0 helmet (worn)
 g - the +1 leather armour of Supple Strength (worn) {rC+ MR+}
   (You found it on level 4 of the Dungeon)

   It protects you from cold.
   It affects your resistance to hostile enchantments.
 n - a +1 pair of boots of stealth (worn)
 v - a +0 pair of gloves (worn)
Scrolls
 e - a scroll of immolation {unknown}
 h - a scroll of magic mapping
 j - a scroll of identify
 m - a scroll of fog {unknown}
 r - a scroll of enchant weapon {unknown}
 s - a scroll of remove curse
 t - a scroll of teleportation {unknown}
Potions
 b - a potion of mutation
 q - 2 potions of cancellation
 u - 2 potions of heal wounds {unknown}
Comestibles
 f - 12 rations


   Skills:
 + Level 5.0 Fighting
 + Level 7.4 Polearms
 - Level 2.0 Throwing
 - Level 2.5 Armour
 + Level 6.8 Dodging
 - Level 2.0 Stealth
 + Level 0.0 Invocations


You had 6 spell levels left.
You didn't know any spells.
Your spell library was empty.

Dungeon Overview and Level Annotations

Branches:
Dungeon (5/15)
 Temple: D:4-7

Altars:
Fedhas
Gozag
Hepliaklqana
Qazlal
Yredelemnul
Zin
The Shining One

Annotations:
D:5 Sigmund


Message History

You hear some strange, mumbled words.
Something tries to affect you, but you resist.
The orc priest invokes the aid of Beogh against you.
Beogh smites you!
* * * LOW HITPOINT WARNING * * *
You feel better. Something hits you but does no damage.
The orc priest calls down the wrath of Beogh upon you.
Beogh smites you!
* * * LOW HITPOINT WARNING * * *
As you read the scroll labeled XUATZIWAAC, it crumbles to dust.
It is a scroll of enchant armour.
Your +0 pair of boots of stealth glows green for a moment.
You hear some strange, mumbled words.
A puff of flame appears from out of thin air!
The puff of flame hits you!
* * * LOW HITPOINT WARNING * * *
The orc completely misses you.
You feel better. Something hits you!
You die...
Your body rises from the dead as a mindless zombie.

#.#...##..........#
#..........##.#####
####..##...##.#
#..#######.# #oo........#
#o########## #o#
###########o# *********
#........##@# *,,,,,,,*
#.######.##.# *,*****,*
#...........#####.*****,*
#.######.#.#.......,,,*,*
#.# #.#...####.#**,*,*
#.######......# *,* *,*,*
#........#...##
*,***,*,***
#.#########.##
*,,,,,,,,,* ****#.#****
*.# *****,***,*


You could see 2 orc priests and 3 orcs.

Vanquished Creatures
  An ice beast (D:4)
  A phantom (D:4)
  A vampire bat (D:4)
  3 hounds (D:4)
  A bullfrog skeleton (D:4)
  An orc priest (D:4)
  4 orc wizards (D:4)
  3 worker ants (D:4)
  6 adders
  An ooze (D:4)
  An adder skeleton (D:4)
  An adder zombie (D:5)
  2 worms
  3 fire bats (D:4)
  2 leopard geckos
  8 orcs (D:4)
  2 spectral bats (D:4)
  14 bats
  A bat simulacrum (D:4)
  3 bat skeletons (D:4)
  A bat zombie (D:4)
  2 giant cockroaches (D:4)
  4 goblins
  6 hobgoblins
  4 jackals (D:3)
  A quokka (D:3)
  4 frilled lizards
  6 kobolds
  3 rats
90 creatures vanquished.

Notes
Turn   | Place    | Note
-------+----------+-------------------------------------------
     0 | D:1      | Stepladder the Merfolk Gladiator began the quest for the
                  | Orb.
     0 | D:1      | Reached XP level 1. HP: 16/16 MP: 1/1
   230 | D:1      | Reached XP level 2. HP: 21/23 MP: 2/2
   400 | D:1      | Reached skill level 1 in Stealth
   643 | D:2      | Reached XP level 3. HP: 28/28 MP: 3/3
   956 | D:2      | Reached skill level 5 in Polearms
  1387 | D:3      | Reached XP level 4. HP: 30/35 MP: 4/4
  1728 | D:3      | Found a stormy altar of Qazlal.
  1919 | D:3      | Found an opulent altar of Gozag.
  1985 | D:3      | Found a glowing golden altar of the Shining One.
  2186 | D:4      | Reached skill level 5 in Dodging
  2306 | D:4      | Noticed an ice beast
  2308 | D:4      | Got a faintly glowing leather armour
  2316 | D:4      | Identified the +1 leather armour of Supple Strength {rC+
                  | MR+} (You found it on level 4 of the Dungeon)
  2367 | D:4      | Reached XP level 5. HP: 36/41 MP: 5/5
  2432 | D:4      | Found a glowing silver altar of Zin.
  2688 | D:4      | Reached skill level 1 in Armour
  2703 | D:4      | Reached skill level 6 in Polearms
  2703 | D:4      | Reached XP level 6. HP: 38/48 MP: 6/6
  2805 | D:4      | Killed an ice beast
  2831 | D:4      | Found a basalt altar of Yredelemnul.
  2831 | D:4      | Noticed a phantom
  2846 | D:4      | Killed a phantom
  2852 | D:4      | Became a worshipper of Yredelemnul the Dark
  2920 | D:4      | Reached XP level 7. HP: 30/55 MP: 7/7
  3601 | D:4      | Reached skill level 7 in Polearms
  3622 | D:4      | Found a hazy altar of Hepliaklqana.
  3994 | D:4      | Reached * piety under Yredelemnul
  4186 | D:4      | Reached skill level 5 in Fighting
  4199 | D:4      | Found a blossoming altar of Fedhas.
  4274 | D:5      | Entered Level 5 of the Dungeon
  4449 | D:5      | Noticed Sigmund
  4480 | D:5      | HP: 2/56 [something/puff of flame (10)]
  4481 | D:5      | Slain by Sigmund

Skill      XL: |  1  2  3  4  5  6  7 |
---------------+----------------------+-----
Stealth        | 1 2 |  2.0
Polearms       | 5 6 7 |  7.4
Fighting       | 3 4 5 |  5.0
Dodging        | 5 6 |  6.8
Armour         | 1 2 |  2.5
Throwing       | |  2.0

Action                   |  1- 3 |  4- 6 |  7- 9 || total
-------------------------+-------+-------+-------++-------
Melee: Trident           |    91 |   149 |   151 ||   391
Throw: Throwing net      |     1 |     1 |       ||     2
       Javelin           |       |     5 |     2 ||     7
  Use: Scroll            |     2 |     3 |     3 ||     8
       Potion            |       |       |     3 ||     3
 Stab: Sleeping          |     3 |     1 |     6 ||    10
       Held in net/web   |       |     1 |       ||     1
  Eat: Chunk             |     1 |     5 |     5 ||    11
Armor: Leather armour    |    13 |    32 |    43 ||    88
       Ring mail         |       |     7 |       ||     7
Dodge: Dodged            |    54 |    81 |   172 ||   307
